 Dungeon Crawl Stone Soup version 0.30-a0-172-gc5509c9e31 (webtiles) character file.

Game seed: 106651832501045309

343 qw the Chopper (level 6, 0/38 HPs)
             Began as a Gargoyle Fighter on Oct 1, 2022.
             Slain by Pikel
             ... wielding a +2 whip of freezing
              (3 damage)
             ... on level 4 of the Dungeon.
             The game lasted 00:01:03 (2607 turns).

qw the Chopper (Gargoyle Fighter)                   Turns: 2607, Time: 00:01:04

Health: 0/38       AC: 12    Str: 21    XL:     6   Next: 57%
Magic:  6/6        EV:  9    Int:  9    God:
Gold:   286        SH:  4    Dex:  9    Spells: 5/5 levels left

rFire   . . .      SeeInvis .    Y - +1 war axe
rCold   + . .      Faith    .    c - +0 buckler
rNeg    + . .      Spirit   .    b - +0 scale mail
rPois   inf        Reflect  .    (no helmet)
rElec   +          Harm     .    (no cloak)
rCorr   .          Rampage  .    a - +0 pair of gloves
Will    .....                    (no boots)
Stlth   ..........               m - amulet of the acrobat
HPRegen 0.26/turn                h - ring of protection from cold
MPRegen 0.10/turn                (no ring)

@: no status effects
A: sickness immunity, AC +4, negative energy resistance 1, electricity
resistance, torment resistance 1, petrification resistance
a: no special abilities


You were on level 4 of the Dungeon.
You visited 1 branch of the dungeon, and saw 4 of its levels.

You collected 286 gold pieces.


Innate Abilities, Weirdness & Mutations

You are immune to sickness and miasma.
Your stone body is resilient. (AC +4)
You are immune to poison.
You resist negative energy. (rN+)
You are resistant to electric shocks. (rElec)
You are resistant to unholy torment.
You are immune to petrification.


   Skills:
 - Level 4.0 Fighting
 + Level 5.3 Axes
 - Level 1.3 Throwing
 - Level 3.2 Armour
 - Level 1.1 Dodging
 - Level 3.2 Shields


You had 5 spell levels left.
You didn't know any spells.
Your spell library was empty.

Inventory:

Hand Weapons
 i - a +0 club
 Y - a +1 war axe (weapon)
Missiles
 g - a javelin (quivered)
Armour
 a - a +0 pair of gloves (worn)
 b - a +0 scale mail (worn)
 c - a +0 buckler (worn)
 n - the +1 scale mail "Retydius" {Harm +Inv Will+++ rCorr}
   (You found it on level 3 of the Dungeon)

   +Inv:      It lets you turn invisible.
   rCorr:     It protects you from acid and corrosion.
   Harm:      It increases damage dealt and taken.
   Will:      It greatly increases your willpower.
Jewellery
 e - a ring of ice
 h - a ring of protection from cold (left hand)
 m - an amulet of the acrobat (around neck)
Potions
 d - a potion of might
 f - a potion of lignification {unknown}
 j - a potion of berserk rage {unknown}
 k - a potion of mutation {unknown}
 q - a potion of haste {unknown}

Dungeon Overview and Level Annotations

Branches:
Dungeon (4/15)
 Temple: D:4-7

Altars:
Kikubaaqudgha

Annotations:
D:4 Pikel


Message History

The lemure shouts!
Pikel hits you with a +2 whip of freezing.
You block Pikel's attack.
A lemure comes into view.
You hit Pikel.
Pikel is moderately wounded.
You block Pikel's attack.
You hit Pikel but do no damage.
Pikel is moderately wounded.
Pikel closely misses you.
You hit Pikel.
Pikel is moderately wounded.
You block Pikel's attack.
Pikel hits you with a +2 whip of freezing!
You barely miss Pikel.
Pikel is moderately wounded.
Pikel barely misses you.
You closely miss Pikel.
Pikel is moderately wounded.
Pikel hits you with a +2 whip of freezing.
You hit Pikel.
Pikel is heavily wounded.
Pikel says, "Time is money, and you're costing me too much!"
Pikel hits you but does no damage.
You closely miss Pikel.
Pikel is heavily wounded.
Pikel hits you with a +2 whip of freezing.
Pikel hits you with a +2 whip of freezing!
Pikel freezes you.
You closely miss Pikel.
Pikel is heavily wounded.
Pikel hits you with a +2 whip of freezing.
Pikel freezes you.
You miss Pikel.
Pikel is heavily wounded.
Pikel hits you but does no damage.
You hit Pikel.
Pikel is heavily wounded.
Pikel hits you with a +2 whip of freezing.
You die...

###### ####(.....
########g5....(..
###.....@K555..(...
#...##)######......
###................
####.##########.#
#.# # #.#########
#.#.......# #
#.#.......#.#
#.#.......#.#


You could see Pikel, 4 lemures and a hobgoblin.

Vanquished Creatures
  A necrophage (D:4)
  A scorpion (D:4)
  7 gnolls
  9 adders
  A dart slug (D:4)
  An orc (D:3)
  5 bats
  5 endoplasms
  A giant cockroach (D:3)
  7 goblins
  7 hobgoblins
  8 jackals
  2 kobolds (D:1)
  4 quokkas
  4 ball pythons
  3 frilled lizards
  10 rats
76 creatures vanquished.

Vanquished Creatures (others)
  A plant (D:3)
1 creature vanquished.

Grand Total: 77 creatures vanquished

Notes
Turn   | Place    | Note
-------+----------+-------------------------------------------
     0 | D:1      | qw the Gargoyle Fighter began the quest for the Orb.
     0 | D:1      | Reached XP level 1. HP: 14/14 MP: 1/1
     0 | D:1      | 0 ||| qw: Version: 0.2-a-13-gfc7b4b4
     0 | D:1      | 0 ||| qw: Game counter: 1817
     0 | D:1      | 0 ||| qw: Always use a shield: true
     0 | D:1      | 0 ||| qw: God list: Okawaru
     0 | D:1      | 0 ||| qw: Allow faded altars: false
     0 | D:1      | 0 ||| qw: Do Orc after D:15 true
     0 | D:1      | 0 ||| qw: Do second Lair branch before Depths: true
     0 | D:1      | 0 ||| qw: Lair rune preference: random
     0 | D:1      | 0 ||| qw: Plans: Normal, Zot:1-4, God:TSO, Crypt, Tomb,
                  | Pan, Slime:5, Hells, Abyss, Orb
     0 | D:1      | 0 ||| PLANNING D:1-11
    32 | D:1      | Reached skill level 2 in Axes
   197 | D:1      | Reached XP level 2. HP: 19/19 MP: 2/2
   402 | D:1      | Reached skill level 3 in Axes
   464 | D:1      | 464 ||| Stepping ~*~*~tactically~*~*~ (stealth).
   479 | D:1      | Reached XP level 3. HP: 22/23 MP: 3/3
   701 | D:1      | 701 ||| READING scroll labelled VAUDOONENIQ.
   702 | D:1      | 702 ||| READING scroll labelled HIUJ LELOBI.
   703 | D:1      | 703 ||| READING scroll labelled RANNOJ NUEZYQY.
   706 | D:1      | 706 ||| READING scroll labelled LIGUKE ICSEGO.
   707 | D:1      | 707 ||| READING scroll labelled TOS UFEOSENI.
   875 | D:2      | Reached skill level 1 in Throwing
   958 | D:2      | 958 ||| Stepping ~*~*~tactically~*~*~ (stealth).
   968 | D:2      | 968 ||| Stepping ~*~*~tactically~*~*~ (stealth).
   969 | D:2      | 969 ||| Stepping ~*~*~tactically~*~*~ (stealth).
  1147 | D:2      | Reached XP level 4. HP: 27/28 MP: 4/4
  1479 | D:2      | 1479 ||| UPGRADING to +0 pair of gloves.
  1484 | D:2      | 1484 ||| UPGRADING to ring of protection from cold.
  1485 | D:2      | 1485 ||| DROPPING ring of wizardry.
  1492 | D:3      | 1492 ||| Stepping ~*~*~tactically~*~*~ (hiding).
  1589 | D:3      | 1589 ||| Stepping ~*~*~tactically~*~*~ (stealth).
  1645 | D:3      | Reached skill level 4 in Axes
  1776 | D:3      | Reached XP level 5. HP: 28/32 MP: 5/5
  1820 | D:3      | 1820 ||| Stepping ~*~*~tactically~*~*~ (stealth).
  1821 | D:3      | 1821 ||| Stepping ~*~*~tactically~*~*~ (stealth).
  1837 | D:3      | Identified the +1 scale mail "Retydius" {Harm +Inv Will+++
                  | rCorr}
  1895 | D:3      | HP: 8/32 [gnoll/+0 club (2)]
  1896 | D:3      | 1896 ||| READING scroll of teleportation.
  2226 | D:3      | Found an ancient bone altar of Kikubaaqudgha.
  2403 | D:3      | Found a faded altar of an unknown god.
  2465 | D:3      | 2465 ||| UPGRADING to amulet of the acrobat.
  2470 | D:3      | 2470 ||| READING scroll labelled XAOPEPTAIH.
  2471 | D:3      | 2471 ||| READING 2 scrolls labelled ZIBLAX QIJET.
  2472 | D:3      | 2472 ||| READING scroll labelled TAUFOP HAOSAO.
  2473 | D:3      | 2473 ||| DRINKING 2 clear potions.
  2474 | D:3      | 2474 ||| DROPPING scroll of poison.
  2475 | D:3      | 2475 ||| DROPPING potion of magic.
  2511 | D:4      | Reached skill level 5 in Axes
  2511 | D:4      | Reached XP level 6. HP: 37/37 MP: 6/6
  2560 | D:4      | 2560 ||| Stepping ~*~*~tactically~*~*~ (hiding).
  2588 | D:4      | Noticed Pikel
  2592 | D:4      | Reached skill level 1 in Dodging
  2592 | D:4      | 2592 ||| FLEEEEING.
  2593 | D:4      | 2593 ||| FLEEEEING.
  2594 | D:4      | 2594 ||| FLEEEEING.
  2604 | D:4      | HP: 9/38 [Pikel/+2 whip of freezing (2)]
  2605 | D:4      | HP: 3/38 [Pikel/+2 whip of freezing (6)]
  2607 | D:4      | Slain by Pikel

Levels and vault maps discovered:
D:1:      lemuel_arrival_hallway, layout_basic
D:2:      layout_loops_ring, minmay_misc_feat_nine_boxes, minmay_misc_feat_five,
          kennysheep_generic_room_8
D:3:      layout_basic, kiku_gazebo_pond_becter,
          hellmonk_ecumenical_altar_leap_of_faith,
          minmay_misc_feat_secret_circle, dreamdust_princess_corridor,
          serial_bayou_ford_a, dk_vineyard_1, amcnicky_mini_pool_small,
          dreamdust_mushroom_princess
D:4:      layout_rooms, uniq_pikel

Skill      XL: |  1  2  3  4  5  6 |
---------------+-------------------+-----
Axes           | 2 3 4 5 |  5.3
Throwing       | 1 |  1.3
Fighting       | 4 |  4.0
Dodging        | 1 |  1.1
Armour         | |  3.2
Shields        | |  3.2

Action                   |  1- 3 |  4- 6 || total
-------------------------+-------+-------++-------
Melee: War axe           |   108 |   115 ||   223
Throw: Javelin           |    19 |    30 ||    49
  Use: Scroll            |     5 |     4 ||     9
       Potion            |       |     1 ||     1
Armor: Scale mail        |    70 |    86 ||   156
Dodge: Dodged            |    63 |    50 ||   113
Block: Buckler           |    15 |    21 ||    36

Table legend:
 A = Non-vault XP
 B = Vault XP
 C = Vault XP percentage of total XP
 D = Non-vault monster count
 E = Vault monster count
 F = Vault count percentage of total count
                 A         B        C        D         E       F
            +---------+---------+-------+---------+---------+-------
      Total |     476 |      14 |   2.9 |      75 |       1 |   1.3
            +---------+---------+-------+---------+---------+-------
        D:1 |      42 |       0 |   0.0 |      25 |       0 |   0.0
        D:2 |      65 |      14 |  17.7 |      13 |       1 |   7.1
        D:3 |     132 |       0 |   0.0 |      29 |       0 |   0.0
        D:4 |     237 |       0 |   0.0 |       8 |       0 |   0.0
            +---------+---------+-------+---------+---------+-------
